 Dungeon Crawl Stone Soup version 0.24.0-2-g5b39cebb1c (webtiles) character file.

Game seed: 453535658374287537, levelgen mode: deterministic

147 Masnef the Chopper (level 5, -8/53 HPs)
             Began as an Ogre Skald on Oct 31, 2019.
             Mangled by Sigmund
             ... wielding a +0 scythe
              (13 damage)
             ... on level 3 of the Dungeon.
             The game lasted 00:04:17 (2758 turns).

Masnef the Chopper (Ogre Skald)                     Turns: 2758, Time: 00:04:17

Health: -8/53      AC:  4    Str: 15    XL:     5   Next: 29%
Magic:  8/8        EV: 10    Int: 14    God:
Gold:   127        SH:  0    Dex:  9    Spells: 5/8 levels left

rFire    . . .     SeeInvis .   a - +0 hand axe
rCold    . . .     Gourm    .   (no shield)
rNeg     . . .     Faith    .   o - +0 robe (curse)
rPois    .         Spirit   .   (helmet restricted)
rElec    .         Reflect  .   n - +0 cloak
rCorr    .         Harm     .   (gloves unavailable)
MR       .....                  (boots unavailable)
Stlth    +.........             (no amulet)
HPRegen  0.17/turn              (no ring)
MPRegen  0.11/turn              (no ring)

@: no status effects
A: large, unfitting armour, tough skin 1
a: no special abilities


You were on level 3 of the Dungeon.
You were not hungry.

You visited 1 branch of the dungeon, and saw 3 of its levels.

You collected 127 gold pieces.

Inventory:

Hand Weapons
 a - a +0 hand axe (weapon)
 g - a +3 short sword
Armour
 b - a +0 robe
 n - a +0 cloak (worn)
 o - a cursed +0 robe (worn)
Wands
 p - a wand of flame (9)
Scrolls
 e - 2 scrolls of fear {unknown}
 f - a scroll of amnesia
 h - 4 scrolls of identify {unknown}
 i - 3 scrolls of teleportation {unknown}
 j - a scroll of immolation {unknown}
 k - a scroll of blinking {unknown}
 l - a scroll of enchant weapon {unknown}
 m - a scroll of remove curse {unknown}
Potions
 c - 2 potions of agility {unknown}
Comestibles
 d - 3 rations


   Skills:
 + Level 3.3 Fighting
 + Level 3.9 Axes
 - Level 2.1 Dodging
 - Level 2.4 Spellcasting
 * Level 3.5 Charms
 * Level 1.4 Translocations


You had 5 spell levels left.
You knew the following spells:

 Your Spells              Type           Power        Failure   Level  Hunger
a - Infusion              Chrm           ##..         5%          1    #......
b - Shroud of Golubria    Chrm/Tloc      #.....       12%         2    ###....

Your spell library contained the following spells:

 Spells                   Type           Power        Failure   Level  Hunger
 Song of Slaying          Chrm           ##......     9%          2    ###....
 Regeneration             Chrm/Necr      #.........   32%         3    ###....
 Spectral Weapon          Hex/Chrm       #.......     32%         3    ###....


Dungeon Overview and Level Annotations

Branches:
Dungeon (3/15)

Altars:

Annotations:
D:3 Sigmund


Innate Abilities, Weirdness & Mutations

You are too large for most types of armour.
You have tough skin. (AC +1)


Message History

You hear some strange, mumbled words.
Something tries to affect you, but you resist.
You hit something but do no damage.
You hear some strange, mumbled words.
Something tries to affect you, but you resist.
You hit something.
You hear some strange, mumbled words.
A magic dart appears from out of thin air!
The magic dart hits you.
You miss something.
You hear some strange, mumbled words.
Something tries to affect you, but you resist.
You closely miss something. Something hits you!
* * * LOW HITPOINT WARNING * * *
You closely miss something. Something hits you!
* * * LOW HITPOINT WARNING * * *
You hit something.
Unknown command.
Something hits you!
You die...

.........^...
........... ###
......... ... #..
....... #.... ..... ....
... #..#+#{# ##.#.#.####
# #.....@...# ##
#.........# ##.
..##.........# #..
.......>.....# ##..
..##.........# #...
#.........# #...
######.#### #...
######.##############.#
........................


There were no monsters in sight!

Vanquished Creatures
  Natasha (thrice) (D:2)
  An ooze (D:1)
  2 worms
  3 dart slugs
  A leopard gecko (D:2)
  7 bats
  2 giant cockroaches (D:1)
  A hobgoblin (D:1)
  7 jackals
  8 kobolds
  3 frilled lizards (D:1)
  11 goblins
  5 rats (D:1)
  3 toadstools (D:1)
57 creatures vanquished.

Vanquished Creatures (others)
  A toadstool (D:1)
1 creature vanquished.

Grand Total: 58 creatures vanquished

Notes
Turn   | Place    | Note
-------+----------+-------------------------------------------
     0 | D:1      | Masnef the Ogre Skald began the quest for the Orb.
     0 | D:1      | Reached XP level 1. HP: 22/22 MP: 3/3
   106 | D:1      | Reached XP level 2. HP: 10/29 MP: 5/5
   114 | D:1      | Learned a level 2 spell: Shroud of Golubria
   703 | D:1      | Reached XP level 3. HP: 29/36 MP: 6/6
  1568 | D:2      | Noticed Natasha
  1580 | D:2      | Killed Natasha
  1580 | D:2      | Reached skill level 1 in Translocations
  1580 | D:2      | Reached XP level 4. HP: 17/45 MP: 7/7
  1668 | D:2      | Noticed Natasha
  1680 | D:2      | Killed Natasha
  2172 | D:2      | Noticed Natasha
  2184 | D:2      | Killed Natasha
  2184 | D:2      | Reached XP level 5. HP: 29/53 MP: 8/8
  2744 | D:3      | Noticed Sigmund
  2758 | D:3      | Mangled by Sigmund

Levels and vault maps discovered:
D:1:      ldierk_water_garden, layout_basic
D:2:      layout_rooms, first_ration, uniq_natasha, uniq_crazy_yiuf_cottage
D:3:      layout_basic, serial_curves, eino_curves_02, eino_curves_03,
          eino_curves_02, grunt_ministairs_3, wad_floor_pattern_1,
          minmay_joined_circles, uniq_sigmund

Skill      XL: |  1  2  3 |
---------------+----------+-----
Charms         | 3 |  3.5
Axes           | 3 |  3.9
Fighting       | 3 |  3.3
Translocations | 1 |  1.4
Dodging        | |  2.1
Spellcasting   | |  2.4

Action                   |  1- 3 |  4- 6 || total
-------------------------+-------+-------++-------
Melee: Hand axe          |   146 |    71 ||   217
  Use: Potion            |     4 |       ||     4
       Scroll            |     1 |       ||     1
  Eat: Chunk             |     2 |     4 ||     6
Armor: Robe              |    47 |    17 ||    64
Dodge: Dodged            |    87 |    34 ||   121
